 Dungeon Crawl Stone Soup version 0.30-a0-632-g346586fe48 (webtiles) character file.

Game seed: 11943510622371591957

4 ragingrage the Sneak (level 1, -2/19 HPs)
             Began as a Hill Orc Delver on Jan 13, 2023.
             Slain by an adder (4 damage)
             ... on level 4 of the Dungeon.
             The game lasted 00:00:13 (49 turns).

ragingrage the Sneak (Hill Orc Delver)                Turns: 49, Time: 00:00:14

Health: -2/19      AC:  3    Str: 14    XL:     1   Next: 60%
Magic:  1/1        EV: 11    Int: 10    God:
Gold:   0          SH:  0    Dex: 12    Spells: 0/0 levels left

rFire   . . .      SeeInvis .    a - +0 hand axe
rCold   . . .      Faith    .    (no shield)
rNeg    . . .      Spirit   .    b - +0 leather armour
rPois   .          Reflect  .    (no helmet)
rElec   .          Harm     .    (no cloak)
rCorr   .          Rampage  .    (no gloves)
Will    .....                    (no boots)
Stlth   ++                       (no amulet)
HPRegen 0.23/turn                (no ring)
MPRegen 0.07/turn                (no ring)

@: no status effects
A: no striking features
a: no special abilities


You were on level 4 of the Dungeon.
You visited 1 branch of the dungeon, and saw 2 of its levels.

Inventory:

Hand Weapons
 a - a +0 hand axe (weapon)
Armour
 b - a +0 leather armour (worn)
Wands
 g - a wand of digging (3)
Scrolls
 c - a scroll of fog
 d - a scroll of magic mapping
 e - a scroll of fear
Potions
 f - a potion of haste


   Skills:
 - Level 3.6 Fighting
 + Level 3.2 Axes
 - Level 1.5 Dodging
 - Level 4.1 Stealth


You couldn't memorise any spells.
You didn't know any spells.
Your spell library was empty.

Dungeon Overview and Level Annotations

Branches:
Dungeon (5/15)
 Temple: D:4-7

Altars:


Message History

You are too injured to fight recklessly!
You are too injured to fight recklessly!
You are too injured to fight recklessly!
You are too injured to fight recklessly!
You are too injured to fight recklessly!
You are too injured to fight recklessly!
You are too injured to fight recklessly!
You are too injured to fight recklessly!
You are too injured to fight recklessly!
You miss the adder. The adder bites you but does no damage.
The adder barely misses you.
You hit the adder but do no damage. The adder bites you.
You barely miss the adder. The adder closely misses you.
The adder barely misses you.
You barely miss the adder. The adder bites you.
You hit the adder but do no damage. The adder bites you.
You hit the adder.
The adder is lightly wounded.
The adder bites you.
You are poisoned.
The adder poisons you! The adder barely misses you.
You hit the adder.
The adder is moderately wounded.
You feel sick. The adder barely misses you.
You barely miss the adder.
The adder is moderately wounded.
You feel sick. The adder barely misses you. The adder closely misses you.
You closely miss the adder.
The adder is moderately wounded.
You feel sick. The adder bites you.
* * * LOW HITPOINT WARNING * * *
You miss the adder.
The adder is moderately wounded.
You feel sick. The adder closely misses you. x2
You miss the adder.
The adder is moderately wounded.
You feel sick.
You are no longer poisoned.
The adder bites you.
You die...

#.# ... #.. #.#
..###.# ######. #.#
##.....##....... #.#
#...............
#.###..#............
#......#............
#......#...S........
#>........@.........
##.....#.......$....
##...)#.....######.
#....#.....#
..............
.......##......##
........##.......#
........###....#..#
........# #....##.#


You could see an adder.

Vanquished Creatures
  A goblin (D:4)
  A hobgoblin (D:4)
  A kobold (D:4)
3 creatures vanquished.

Notes
Turn   | Place    | Note
-------+----------+-------------------------------------------
     0 | D:5      | ragingrage the Hill Orc Delver began the quest for the Orb.
     0 | D:5      | Reached XP level 1. HP: 19/19 MP: 1/1
    49 | D:4      | Slain by an adder

Illustrated notes

Levels and vault maps discovered:
D:4:      layout_basic, nicolae_grassy_gnolls
D:5:      layout_loops_ring, nicolae_elyvilon_peaceful_grove,
          lemuel_crystal_altar, portal_sewer_entry_a, minivault_5

Skill      XL: |  1 |
---------------+----+-----
Axes           | 3 |  3.2
Fighting       | |  3.6
Dodging        | |  1.5
Stealth        | |  4.1

Action                   || total
-------------------------++-------
Melee: Hand axe          ||    18
 Stab: Sleeping          ||     1
Armor: Leather armour    ||     1
Dodge: Dodged            ||    11

Table legend: (Time is in decaauts)
 A = Elapsed time spent in this place.
 B = Non-inter-level travel time spent in this place.
 C = Inter-level travel time spent in this place.
 D = Time resting spent in this place.
 E = Time spent auto-exploring this place.
 F = Levels seen in this place.
 G = Mean time per level.
                   A        B        C        D        E       F      G
               +--------+--------+--------+--------+--------+-----+--------+
         Total |     51 |     43 |      8 |      0 |      6 |   2 |   25.5 |
       Dungeon |     51 |     43 |      8 |      0 |      6 |   2 |   25.5 |
               +--------+--------+--------+--------+--------+-----+--------+

Top non-repeatable levels by time:
     D:4: 40 daAuts
     D:5: 11 daAuts
